 Dungeon Crawl Stone Soup version 0.24.0-1-gfbc8707 (webtiles) character file.

Game seed: 11852337992777462331, levelgen mode: deterministic

7752 Crabhammer the Thaumaturge (level 11, -4/75 HPs)
             Began as a Mummy Summoner on Nov 7, 2019.
             Was an Initiate of Gozag.
             Slain by a sun demon (14 damage)
             ... on level 2 of the Abyss on Nov 8, 2019.
             The game lasted 01:30:27 (13710 turns).

Crabhammer the Thaumaturge (Mummy Summoner)        Turns: 13710, Time: 01:30:27

Health: -4/75      AC: 15    Str: 13    XL:     11   Next: 0%
Magic:  21/25      EV: 15    Int: 18    God:    Gozag
Gold:   1017       SH:  0    Dex: 13    Spells: 9/31 levels left

rFire    . . .     SeeInvis .   a - +5 trident (venom)
rCold    + + .     Gourm    .   (no shield)
rNeg     + + +     Faith    .   m - +3 ring mail
rPois    ∞         Spirit   .   t - +2 helmet of the Rabble {rPois}
rElec    .         Reflect  .   A - scarf {rC+ rF+}
rCorr    .         Harm     .   r - +1 pair of gloves
MR       +....                  j - +0 pair of boots
Stlth    +.........             (no amulet)
HPRegen  0.22/turn              d - +2 ring of strength
MPRegen  0.19/turn              k - +4 ring of evasion

@: no status effects
A: no food or potions, fire vulnerability, cold resistance 1, negative energy
resistance 3, torment resistance, unbreathing
a: Potion Petition, Call Merchant, Bribe Branch, Renounce Religion


You were on level 2 of the Abyss.
You worshipped Gozag.
Gozag was most pleased with you.
You were not hungry.

You visited 2 branches of the dungeon, and saw 11 of its levels.
You visited the Abyss 1 time.
You also visited: Ossuary.

You collected 1771 gold pieces.
You spent 224 gold pieces at shops.
You paid 530 gold pieces to Gozag.

Inventory:

Hand Weapons
 a - a +5 trident of venom (weapon)
Armour
 j - a +0 pair of boots (worn)
 m - a +3 ring mail (worn)
 r - a +1 pair of gloves (worn)
 t - the +2 helmet of the Rabble (worn) {rPois}
   (You found it on level 7 of the Dungeon)

   It protects you from poison.
 A - a scarf of resistance (worn)
Jewellery
 d - a +2 ring of strength (left hand)
 k - a +4 ring of evasion (right hand)
Wands
 s - a wand of digging (5)
 u - a wand of random effects (17)
 v - a wand of flame (21)
 x - a wand of polymorph (2)
Scrolls
 b - 5 scrolls of remove curse
 c - 11 scrolls of identify
 e - 4 scrolls of fog
 f - 3 scrolls of amnesia
 g - 5 scrolls of teleportation
 h - 2 scrolls of fear
 i - a scroll of magic mapping
 l - a scroll of blinking {unknown}
 o - 5 scrolls of enchant weapon
 w - 2 scrolls of immolation


   Skills:
 + Level 3.4 Fighting
 + Level 4.8 Polearms
 * Level 5.3 Armour
 + Level 2.7 Dodging
 - Level 1.5 Stealth
 + Level 10.5 Spellcasting
 + Level 4.5 Conjurations
 * Level 2.6 Hexes
 + Level 7.9 Summonings


You had 9 spell levels left.
You knew the following spells:

 Your Spells              Type           Power        Failure   Level  Hunger
a - Summon Ice Beast      Ice/Summ       ###.....     28%         4    N/A
b - Call Imp              Summ           #####...     1%          2    N/A
c - Call Canine Familiar  Summ           #####...     1%          3    N/A
d - Conjure Flame         Conj/Fire      ###.....     17%         3    N/A
e - Summon Guardian Gole  Hex/Summ       ####....     4%          3    N/A
f - Summon Lightning Spi  Summ/Air       ###.....     28%         4    N/A
g - Confuse               Hex            ###.....     16%         3    N/A

Your spell library contained the following spells:

 Spells                   Type           Power        Failure   Level  Hunger
 Summon Small Mammal      Summ           ####         1%          1    N/A
 Corona                   Hex            ###....      4%          1    N/A
 Flame Tongue             Conj/Fire      ###..        6%          1    N/A
 Throw Flame              Conj/Fire      ###...       9%          2    N/A
 Dazzling Spray           Conj/Hex       ###...       10%         3    N/A
 Ensorcelled Hibernation  Hex/Ice        ##....       13%         2    N/A
 Animate Skeleton         Necr           N/A          16%         1    N/A
 Pain                     Necr           #...         16%         1    N/A
 Sandblast                Erth           #.....       16%         1    N/A
 Tukima's Dance           Hex            ###.....     16%         3    N/A
 Stone Arrow              Conj/Erth      ###...       17%         3    N/A
 Passwall                 Tmut/Erth      #.......     22%         2    N/A
 Inner Flame              Hex/Fire       ##......     26%         3    N/A
 Vampiric Draining        Necr           #.........   41%         3    N/A
 Sticky Flame             Conj/Fire      ###.....     50%         4    N/A
 Animate Dead             Necr           N/A          83%         4    N/A
 Petrify                  Tmut/Erth      #.......     83%         4    N/A
 Fireball                 Conj/Fire      ###.......   85%         5    N/A
 Lee's Rapid Deconstruct  Erth           #.........   99%         5    N/A
 Regeneration             Chrm/Necr      Unusable     N/A         3    N/A

Dungeon Overview and Level Annotations

Branches:
Dungeon (10/15)            Temple (1/1) D:5            Lair (0/6) D:8
Ossuary (visited)
    Orc: D:9-12

Altars:
Ashenzari
Cheibriados
Dithmenos
Elyvilon
Fedhas
Gozag
Hepliaklqana
Kikubaaqudgha
Makhleb
Nemelex Xobeh
Okawaru
Qazlal
Ru
Sif Muna
Trog
Uskayaw
Vehumet
Wu Jian
Xom
Yredelemnul
Zin
The Shining One

Shops:
D:9 [

Portals:
Trove: D:10 (give +5 demon blade)

Annotations:
D:10 Psyche


Innate Abilities, Weirdness & Mutations

You do not eat or drink.
Your flesh is vulnerable to fire.
You are immune to poison.
Your flesh is cold resistant. (rC+)
You are immune to negative energy. (rN+++)
You are immune to unholy pain and torment.
You can survive without breathing.


Message History

r - Retreat! s - Stop attacking. g - Guard the area. f - Follow me.
Anything else - Cancel.
Gang up on whom?
Press: ? - help, Dir - move target cursor, f - sun demon
Aim: a sun demon Attack!
Your wolf misses the sun demon. The sun demon hits your wolf!
Your wolf is engulfed in flames!
Your wolf dies!
Your wolf's corpse disappears in a puff of smoke!
You puncture the sun demon!
The sun demon is lightly wounded.
The sun demon hits you!!
You are engulfed in flames!
Unknown command.
The sun demon closely misses you. The sun demon hits you!
You are engulfed in flames!
* * * LOW HITPOINT WARNING * * *
The sun demon hits you!
You die...
Your body crumbles into a pile of gold.

#.#.. .###.# ## .##.
# ..###!#### ##.#.
##.#...## .
.#..#.##.##..##.#.#.#
........##.#.......#
###.Z.#..##.#.#####..
........#.....#
........3...#...#
...####@.#....# #
#.........#
#.###...#.# ..##
.#.#.## .# #...... ##
.#.##


You could see a sun demon and a frost giant skeleton.

Vanquished Creatures
  A hydra (D:8)
  Harold (D:10)
  Erica (D:8)
  2 hippogriffs
  A wyvern (D:9)
  5 yaks (D:8)
  2 basilisks (D:8)
  A water moccasin (D:9)
  3 porcupines (D:8)
  An orc warrior (D:10)
  An ice beast (D:8)
  A black bear (D:8)
  A sky beast (D:9)
  A phantom (D:4)
  3 centaurs
  2 necrophages (D:9)
  An ogre (D:8)
  A crocodile (D:8)
  An elf zombie (D:7)
  A big kobold (D:8)
  A bullfrog (D:9)
  6 killer bees
  A howler monkey (D:7)
  A wight (D:7)
  A crimson imp (D:9)
  A bullfrog zombie (D:7)
  An orc priest (D:10)
  A hound (D:6)
  2 orc wizards
  A centaur skeleton (D:7)
  2 human skeletons (D:7)
  4 worker ants
  2 hound zombies
  2 mummies (Ossuary)
  A gnoll (D:4)
  3 adders
  A shadow imp (D:7)
  An ooze (D:1)
  A worm (D:4)
  A dart slug (D:3)
  2 leopard geckos
  13 orcs
  2 ball pythons
  4 giant cockroaches (D:3)
  6 goblins
  8 hobgoblins
  4 jackals (D:7)
  5 quokkas
  5 bats
  2 frilled lizards
  A goblin zombie (Ossuary)
  3 kobolds
  7 rats
127 creatures vanquished.

Vanquished Creatures (collateral kills)
  Joseph (D:10)
  Maurice (D:8)
  A centaur skeleton (D:10)
  2 dream sheep (D:8)
  A hippogriff (D:9)
  A wraith (Ossuary)
  2 yaks (D:8)
  A porcupine (D:8)
  An orc warrior (D:9)
  An ice beast (D:10)
  A phantom (D:4)
  2 ogres (D:7)
  2 necrophages
  2 centaurs
  2 big kobolds (D:8)
  2 gnoll sergeants
  A wyvern zombie (D:6)
  An elf skeleton (D:7)
  7 killer bees
  3 wights
  A centaur zombie (D:7)
  A quasit (D:10)
  A bullfrog zombie (D:5)
  A jelly (D:10)
  A human zombie (D:7)
  An orc priest (D:9)
  2 iguanas
  A human skeleton (D:7)
  2 orc wizards
  5 worker ants
  A big kobold zombie (Ossuary)
  2 hound zombies (D:8)
  A mummy (Ossuary)
  3 adders
  18 gnolls
  2 shadow imps (D:7)
  An adder zombie (D:7)
  A worm (D:5)
  A dart slug (D:3)
  2 leopard geckos
  15 orcs
  2 giant cockroaches
  A gnoll zombie (Ossuary)
  7 goblins
  4 hobgoblins
  2 kobolds
  A quokka (D:4)
  4 bats
  3 frilled lizards
  A goblin zombie (Ossuary)
  2 hobgoblin zombies (Ossuary)
  3 kobold zombies (Ossuary)
  3 rats
131 creatures vanquished.

Vanquished Creatures (others)
  A sky beast (D:7)
  An ogre (D:7)
  2 bushes (D:8)
  2 fungi (D:8)
  21 plants (D:8)
27 creatures vanquished.

Grand Total: 285 creatures vanquished

Notes
Turn   | Place    | Note
-------+----------+-------------------------------------------
     0 | D:1      | Crabhammer the Mummy Summoner began the quest for the Orb.
     0 | D:1      | Reached XP level 1. HP: 13/13 MP: 4/4
   391 | D:1      | Reached XP level 2. HP: 17/19 MP: 1/5
   451 | D:1      | Learned a level 2 spell: Call Imp
   934 | D:2      | Found a basalt altar of Yredelemnul.
   936 | D:2      | Noticed a profane servitor
   953 | D:2      | Found a glowing golden altar of the Shining One.
   955 | D:2      | Noticed an angel
  1073 | D:2      | Reached skill level 3 in Spellcasting
  1264 | D:2      | Reached XP level 3. HP: 24/24 MP: 0/7
  1369 | D:2      | Learned a level 3 spell: Call Canine Familiar
  1384 | D:2      | Found a hazy altar of Hepliaklqana.
  2471 | D:3      | Reached XP level 4. HP: 31/31 MP: 9/9
  2861 | D:3      | Reached skill level 4 in Spellcasting
  3061 | D:3      | Reached skill level 1 in Polearms
  3571 | D:4      | Reached XP level 5. HP: 17/36 MP: 4/11
  4066 | D:4      | Noticed a phantom
  4094 | D:4      | Reached skill level 1 in Fighting
  4094 | D:4      | Reached skill level 1 in Armour
  4100 | D:4      | Killed a phantom
  4460 | D:4      | Found a sacrificial altar of Ru.
  4570 | D:4      | Noticed a phantom
  4594 | D:4      | Killed a phantom
  4594 | D:4      | Reached skill level 5 in Spellcasting
  4594 | D:4      | Reached XP level 6. HP: 37/43 MP: 0/13
  4599 | D:4      | Learned a level 3 spell: Conjure Flame
  4603 | D:4      | Learned a level 3 spell: Summon Guardian Golem
  5050 | D:5      | Entered Level 5 of the Dungeon
  5445 | D:5      | Found a staircase to the Ecumenical Temple.
  5476 | Temple   | Entered the Ecumenical Temple
  5499 | Temple   | Became a worshipper of Gozag Ym Sagoz the Greedy
  5624 | D:5      | Found an ancient bone altar of Kikubaaqudgha.
  5720 | D:5      | Found a shimmering blue altar of Sif Muna.
  5721 | D:5      | Found a radiant altar of Vehumet.
  5826 | D:5      | Found a blossoming altar of Fedhas.
  6068 | D:6      | Learned a level 4 spell: Summon Ice Beast
  6332 | D:6      | Reached XP level 7. HP: 48/48 MP: 8/15
  6364 | D:6      | Reached skill level 6 in Spellcasting
  6402 | D:6      | Found a shattered altar of Ashenzari.
  6858 | D:7      | Reached skill level 5 in Summonings
  6940 | D:7      | Reached skill level 1 in Conjurations
  6969 | D:7      | Found a burning altar of Makhleb.
  7146 | D:7      | Reached XP level 8. HP: 40/56 MP: 12/18
  7149 | D:7      | Found a sand-covered staircase.
  7227 | Ossuary  | Entered an ossuary
  7799 | Ossuary  | Reached skill level 7 in Spellcasting
  8939 | D:7      | Got a shimmering helmet
  8940 | D:7      | Identified the +2 helmet of the Rabble {rPois} (You found
                  | it on level 7 of the Dungeon)
  9062 | D:8      | Noticed a dream sheep
  9063 | D:8      | Noticed a dream sheep
  9074 | D:8      | Killed a dream sheep
  9095 | D:8      | Killed a dream sheep
  9095 | D:8      | Reached skill level 8 in Spellcasting
  9095 | D:8      | Reached XP level 9. HP: 49/61 MP: 10/21
  9197 | D:8      | Noticed a three-headed hydra
  9215 | D:8      | Killed a three-headed hydra
  9747 | D:8      | Found a white marble altar of Elyvilon.
  9816 | D:8      | Noticed Maurice
  9860 | D:8      | Killed Maurice
  9922 | D:8      | Found a blossoming altar of Fedhas.
 10264 | D:8      | Reached skill level 9 in Spellcasting
 10435 | D:8      | Found a hide-covered altar of Uskayaw.
 10630 | D:8      | Found a sacrificial altar of Ru.
 10683 | D:8      | Reached XP level 10. HP: 68/68 MP: 5/23
 10907 | D:8      | Found a staircase to the Lair.
 10959 | D:8      | Noticed Erica
 11234 | D:8      | Killed Erica
 11333 | D:8      | Found a sparkling altar of Nemelex Xobeh.
 11778 | D:9      | Found a bloodstained altar of Trog.
 11830 | D:9      | Reached skill level 10 in Spellcasting
 12016 | D:9      | Learned a level 4 spell: Summon Lightning Spire
 12020 | D:9      | Learned a level 3 spell: Confuse
 12357 | D:9      | Reached skill level 1 in Hexes
 12666 | D:9      | Reached skill level 5 in Armour
 12870 | D:9      | Bought a runed scarf for 224 gold pieces
 12946 | D:10     | Entered Level 10 of the Dungeon
 13008 | D:10     | Found a portal to a secret trove of treasure.
 13124 | D:10     | Noticed Joseph
 13147 | D:10     | Killed Joseph
 13384 | D:10     | Noticed Harold
 13399 | D:10     | Killed Harold
 13503 | D:10     | Reached XP level 11. HP: 75/75 MP: 16/25
 13600 | D:10     | Noticed Psyche
 13618 | D:10     | Cast into level 2 of the Abyss (Psyche)
 13676 | Abyss:2  | Noticed a wretched star
 13689 | Abyss:2  | Noticed a sun demon
 13710 | Abyss:2  | Slain by a sun demon

Levels and vault maps discovered:
D:1:      lightli_arrival_windingriver, layout_rooms
D:2:      layout_basic, grunt_temple_overflow_holy_war, lemuel_round_altar,
          first_ration
D:3:      layout_basic, hex_medium, minmay_misc_feat_more_columns,
          minmay_checkerbox
D:4:      layout_gridville, nicolae_ru_sacrificial_ziggurat
D:5:      layout_loops_ring, kennysheep_mini, nicolae_overflow_crystal_walls,
          minitemple, minmay_temple_entry_statues
D:6:      layout_cave_pools, nicolae_ashenzari_panopticon,
          minmay_a_box_with_orc_wizards_in_it
D:7:      cheibrodos_fzero, layout_loops_ring, kennysheep_little_box,
          nicolae_ossuary_entry_catacombs
D:8:      layout_layer_cave, lemuel_crystal_altar,
          eat_drink_and_be_merry_uskayaw, nemelex_xobeh_ov_fountains_minmay,
          minmay_lair_entry_grove, basic_altar, hangedman_ranch
          [blue_anna_fruit_fields], elyvilon_altar_1, uniq_maurice, uniq_erica
D:9:      minmay_bubble_buster, layout_irregular_city, lightli_temple_of_fire
D:10:     layout_stronghold, enter_trove_3, uniq_joseph, uniq_josephine,
          uniq_harold, uniq_psyche
Temple:   nicolae_temple_figure_zero
Abyss:2:  evilmike_abyss_exit_12

Skill      XL: |  1  2  3  4  5  6  7  8  9 10 |
---------------+-------------------------------+-----
Spellcasting   | 3 4 5 6 8 9 10 | 10.5
Summonings     | 4 5 6 7 |  7.9
Polearms       | 1 2 3 4 |  4.8
Dodging        | 2 |  2.7
Fighting       | 1 2 3 |  3.4
Armour         | 1 2 3 4 5 |  5.3
Conjurations   | 1 3 4 |  4.5
Hexes          | 2 |  2.6
Stealth        | |  1.5

Action                   |  1- 3 |  4- 6 |  7- 9 | 10-12 || total
-------------------------+-------+-------+-------+-------++-------
Melee: Unarmed           |    45 |       |       |       ||    45
       Spear             |    80 |       |       |       ||    80
       Trident           |     2 |   137 |   357 |   190 ||   686
 Cast: Summon Small Mamm |    14 |       |       |       ||    14
       Call Imp          |    28 |    55 |    94 |    57 ||   234
       Call Canine Famil |    10 |    40 |    60 |    34 ||   144
       Summon Guardian G |       |       |     4 |    10 ||    14
       Confuse           |       |       |       |     4 ||     4
       Summon Lightning  |       |       |       |     1 ||     1
Invok: Call Merchant     |       |       |       |     1 ||     1
  Use: Scroll            |       |     8 |     2 |     7 ||    17
 Stab: Sleeping          |     2 |     2 |     1 |       ||     5
       Distracted        |       |     5 |     5 |     7 ||    17
       Confused          |       |       |       |     1 ||     1
Armor: Leather armour    |    28 |    17 |       |       ||    45
       Ring mail         |       |     2 |    91 |    55 ||   148
       Robe              |       |     2 |       |       ||     2
Dodge: Dodged            |    56 |    73 |   220 |   126 ||   475
